| TOP OF THE 1ST |
|
Toronto Blue Jays batting - Pitching for Oakland Athletics : RHP Mike Pedigo
|
|
Pitching: RHP Mike Pedigo
|
|
|
Batting: RHB Donny Burnside
|
0-0: Ball 1-0: Foul Ball, location: 2F 1-1: Foul Ball, location: 2F 1-2: Foul Ball, location: 2F 1-2: DOUBLE (Line Drive, 7LM, EV 101.2 MPH)
|
|
Batting: LHB Michael Byrd
|
0-0: Called Strike 0-1: Ball 1-1: Ball 2-1: Foul Ball, location: 2F 2-2: Ground out 6-3 (Groundball, 4M, EV 104.4 MPH) Donny Burnside to third
|
|
Batting: SHB Matt Altieri
|
0-0: Ground out 4-3 (Groundball, 4, EV 109.4 MPH) Donny Burnside scores
|
|
Batting: LHB Willis Robles
|
0-0: Swinging Strike 0-1: Ball 1-1: Foul Ball, location: 2F 1-2: Ball 2-2: Ball 3-2: Fly out, F5 (Popup, 25F, EV 79.4 MPH)
|
| Top of the 1st over - 1 run, 1 hit, 0 errors, 0 left on base; Toronto 1 - Oakland 0 |
| BOTTOM OF THE 1ST |
|
Oakland Athletics batting - Pitching for Toronto Blue Jays : LHP Spencer Jones
|
|
Pitching: LHP Spencer Jones
|
|
|
Batting: RHB Jason May
|
0-0: Foul Ball, location: 2F 0-1: Called Strike 0-2: Ball 1-2: Ball 2-2: Ground out U3 (Groundball, 3L, EV 85.0 MPH)
|
|
Batting: RHB C.J. Beavers
|
0-0: Ball 1-0: Foul Ball, location: 2F 1-1: Called Strike 1-2: Ball 2-2: Ball 3-2: Foul Ball, location: 2F 3-2: SINGLE (Line Drive, 89M, EV 108.1 MPH)
|
|
Batting: SHB Jerry Luckwell
|
0-0: Foul Ball, location: 2F 0-1: Foul Ball, location: 2F 0-2: Fly out, F3 (Popup, 3SF, EV 81.9 MPH)
|
|
Batting: RHB Muneo Kawachi
|
0-0: Ball 1-0: Ball 2-0: Ball 3-0: Called Strike 3-1: Foul Ball, location: 2F 3-2: Ground out 4-3 (Groundball, 4, EV 80.6 MPH)
|
| Bottom of the 1st over - 0 runs, 1 hit, 0 errors, 1 left on base; Toronto 1 - Oakland 0 |
| TOP OF THE 2ND |
|
Toronto Blue Jays batting - Pitching for Oakland Athletics : RHP Mike Pedigo
|
|
Batting: RHB C.J. Richerson
|
0-0: Ball 1-0: Called Strike 1-1: Ball 2-1: Fly out, F8 (Flyball, 89M, EV 88.8 MPH)
|
|
Batting: LHB Nate Dean
|
0-0: Ball 1-0: Swinging Strike 1-1: Called Strike 1-2: Strikes out swinging
|
|
Batting: RHB Brock Van Gilder
|
0-0: Called Strike 0-1: Ball 1-1: Swinging Strike 1-2: Ball 2-2: SOLO HOME RUN (Flyball, 9D, EV 98.1 MPH), Distance : 381 ft
|
|
Batting: SHB Zory Larikov
|
0-0: Called Strike 0-1: Called Strike 0-2: Strikes out swinging
|
| Top of the 2nd over - 1 run, 1 hit, 0 errors, 0 left on base; Toronto 2 - Oakland 0 |
| BOTTOM OF THE 2ND |
|
Oakland Athletics batting - Pitching for Toronto Blue Jays : LHP Spencer Jones
|
|
Batting: RHB Randy Shrewsbury
|
0-0: Ball 1-0: Ball 2-0: Swinging Strike 2-1: Called Strike 2-2: Strikes out swinging
|
|
Batting: SHB Quincy Bradford
|
0-0: Called Strike 0-1: Foul Ball, location: 2F 0-2: Ball 1-2: Strikes out swinging
|
|
Batting: RHB Tommy Baird
|
0-0: Ball 1-0: Foul Ball, location: 2F 1-1: Swinging Strike 1-2: Foul Ball, location: 2F 1-2: Foul Ball, location: 2F 1-2: Ball 2-2: Ball 3-2: Foul Ball, location: 2F 3-2: Foul Ball, location: 2F 3-2: DOUBLE (Flyball, 8RXD, EV 90.6 MPH)
|
|
Pinch Runner at 2nd Ryan Langlois:
|
|
|
Batting: RHB Nick Gentzel
|
0-0: Called Strike 0-1: Called Strike 0-2: Ball 1-2: Foul Ball, location: 2F 1-2: Fly out, F7 (Line Drive, 7, EV 83.8 MPH)
|
| Bottom of the 2nd over - 0 runs, 1 hit, 0 errors, 1 left on base; Toronto 2 - Oakland 0 |
| TOP OF THE 3RD |
|
Toronto Blue Jays batting - Pitching for Oakland Athletics : RHP Mike Pedigo
|
|
Batting: RHB Kirk Arp
|
0-0: Ball 1-0: Foul Ball, location: 2F 1-1: Ball 2-1: Ground out 6-3 (Groundball, 6, EV 91.9 MPH)
|
|
Batting: RHB Donny Burnside
|
0-0: Fly out, F9 (Flyball, 9S, EV 84.4 MPH)
|
|
Batting: LHB Michael Byrd
|
0-0: Called Strike 0-1: Ball 1-1: Ball 2-1: DOUBLE (Flyball, 89XD, EV 103.1 MPH)
|
|
Batting: SHB Matt Altieri
|
0-0: Swinging Strike 0-1: Ball 1-1: Foul Ball, location: 2F 1-2: Strikes out looking
|
| Top of the 3rd over - 0 runs, 1 hit, 0 errors, 1 left on base; Toronto 2 - Oakland 0 |
| BOTTOM OF THE 3RD |
|
Oakland Athletics batting - Pitching for Toronto Blue Jays : LHP Spencer Jones
|
|
Batting: RHB Garry Hash
|
0-0: Called Strike 0-1: Swinging Strike 0-2: Ground out 5-3 (Groundball, 56, EV 83.8 MPH)
|
|
Batting: RHB Jason May
|
0-0: Ball 1-0: Ball 2-0: Fly out, F7 (Flyball, 7, EV 83.8 MPH)
|
|
Batting: RHB C.J. Beavers
|
0-0: Called Strike 0-1: Swinging Strike 0-2: Ball 1-2: Foul Ball, location: 2F 1-2: Ground out 5-3 (Groundball, 5, EV 99.4 MPH)
|
| Bottom of the 3rd over - 0 runs, 0 hits, 0 errors, 0 left on base; Toronto 2 - Oakland 0 |
| TOP OF THE 4TH |
|
Toronto Blue Jays batting - Pitching for Oakland Athletics : RHP Mike Pedigo
|
|
Batting: LHB Willis Robles
|
0-0: Called Strike 0-1: Swinging Strike 0-2: Ball 1-2: Foul Ball, location: 2F 1-2: Ball 2-2: Ball 3-2: Strikes out swinging
|
|
Batting: RHB C.J. Richerson
|
0-0: Swinging Strike 0-1: Fly out, F8 (Flyball, 8LM, EV 92.5 MPH)
|
|
Batting: LHB Nate Dean
|
0-0: Ground out 4-3 (Groundball, 4S, EV 82.5 MPH)
|
| Top of the 4th over - 0 runs, 0 hits, 0 errors, 0 left on base; Toronto 2 - Oakland 0 |
| BOTTOM OF THE 4TH |
|
Oakland Athletics batting - Pitching for Toronto Blue Jays : LHP Spencer Jones
|
|
Batting: SHB Jerry Luckwell
|
0-0: DOUBLE (Flyball, 78D, EV 93.1 MPH)
|
|
Batting: RHB Muneo Kawachi
|
0-0: Called Strike 0-1: Ball 1-1: Ball 2-1: Foul Ball, location: 2F 2-2: Ground out 3-1 (Groundball, 34S, EV 90.6 MPH) Jerry Luckwell to third
|
|
Batting: RHB Randy Shrewsbury
|
0-0: Called Strike 0-1: Ball 1-1: Foul Ball, location: 2F 1-2: Ball 2-2: Ground out 6-3 (Groundball, 6M, EV 101.2 MPH) Jerry Luckwell scores
|
|
Batting: SHB Quincy Bradford
|
0-0: Called Strike 0-1: Called Strike 0-2: Ball 1-2: Strikes out looking
|
| Bottom of the 4th over - 1 run, 1 hit, 0 errors, 0 left on base; Toronto 2 - Oakland 1 |
| TOP OF THE 5TH |
|
Toronto Blue Jays batting - Pitching for Oakland Athletics : RHP Mike Pedigo
|
|
Batting: RHB Brock Van Gilder
|
0-0: Bunt for hit to 2L - play at first, batter OUT! 2-3
|
|
Batting: SHB Zory Larikov
|
0-0: Fly out, F5 (Popup, 5S, EV 76.9 MPH)
|
|
Batting: RHB Kirk Arp
|
0-0: Ball 1-0: Ball 2-0: Ball 3-0: Called Strike 3-1: Base on Balls
|
|
Batting: RHB Donny Burnside
|
0-0: Swinging Strike 0-1: Called Strike 0-2: Foul Ball, location: 2F 0-2: SINGLE (Line Drive, 8RS, EV 98.8 MPH) Kirk Arp to second
|
|
Batting: LHB Michael Byrd
|
0-0: Called Strike 0-1: Swinging Strike 0-2: Foul Ball, location: 2F 0-2: Ball 1-2: Ground out 4-3 (Groundball, 4S, EV 78.8 MPH)
|
| Top of the 5th over - 0 runs, 1 hit, 0 errors, 2 left on base; Toronto 2 - Oakland 1 |
| BOTTOM OF THE 5TH |
|
Oakland Athletics batting - Pitching for Toronto Blue Jays : LHP Spencer Jones
|
|
Batting: SHB Ryan Langlois
|
0-0: Ball 1-0: Foul Ball, location: 2F 1-1: Ball 2-1: Swinging Strike 2-2: Strikes out looking and he ARGUES THE CALL AND IS TOSSED!
|
|
Batting: RHB Nick Gentzel
|
0-0: Foul Ball, location: 2F 0-1: SINGLE (Line Drive, 89M, EV 108.8 MPH)
|
|
Batting: RHB Garry Hash
|
0-0: Ball 1-0: Called Strike 1-1: Swinging Strike 1-2: Ball Nick Gentzel is caught stealing 2nd base 2-4 2-2: Ball 3-2: Base on Balls
|
|
Batting: RHB Jason May
|
0-0: Called Strike Garry Hash steals 2nd base 0-1: Ball 1-1: Ball 2-1: Foul Ball, location: 2F 2-2: Fly out, F3 (Popup, 3SF, EV 80.6 MPH)
|
| Bottom of the 5th over - 0 runs, 1 hit, 0 errors, 1 left on base; Toronto 2 - Oakland 1 |
| TOP OF THE 6TH |
|
Toronto Blue Jays batting - Pitching for Oakland Athletics : RHP Mike Pedigo
|
|
Batting: SHB Matt Altieri
|
0-0: Called Strike 0-1: Ball 1-1: Called Strike 1-2: Foul Ball, location: 2F 1-2: Ball 2-2: Ball 3-2: Base on Balls
|
|
Batting: LHB Willis Robles
|
0-0: Called Strike 0-1: Fly out, F8 (Flyball, 78D, EV 100.0 MPH)
|
|
Batting: RHB C.J. Richerson
|
0-0: Called Strike 0-1: Ball 1-1: Swinging Strike 1-2: Foul Ball, location: 2F 1-2: Strikes out looking
|
|
Batting: LHB Nate Dean
|
0-0: Called Strike 0-1: Foul Ball, location: 2F 0-2: Foul Ball, location: 2F 0-2: Ball 1-2: Foul Ball, location: 2F 1-2: Foul Ball, location: 2F 1-2: Foul Ball, location: 2F 1-2: Strikes out swinging
|
| Top of the 6th over - 0 runs, 0 hits, 0 errors, 1 left on base; Toronto 2 - Oakland 1 |
| BOTTOM OF THE 6TH |
|
Oakland Athletics batting - Pitching for Toronto Blue Jays : LHP Spencer Jones
|
|
Batting: RHB C.J. Beavers
|
0-0: Called Strike 0-1: Fly out, F6 (Popup, 6D, EV 64.4 MPH)
|
|
Batting: SHB Jerry Luckwell
|
0-0: Ball 1-0: Ball 2-0: Called Strike 2-1: Swinging Strike 2-2: Ball 3-2: Base on Balls
|
|
Batting: RHB Muneo Kawachi
|
0-0: Ground out 6-3 (Groundball, 6S, EV 65.0 MPH) Jerry Luckwell to second
|
|
Batting: RHB Randy Shrewsbury
|
0-0: Ball 1-0: Foul Ball, location: 2F 1-1: Ball 2-1: Ball 3-1: Base on Balls
|
|
Batting: SHB Quincy Bradford
|
0-0: Called Strike 0-1: Foul Ball, location: 2F 0-2: SINGLE (Groundball, 56, EV 99.4 MPH) (infield hit) Jerry Luckwell to third Randy Shrewsbury to second
|
|
Batting: LHB R.J. O'Brien
|
0-0: Foul Ball, location: 2F 0-1: Swinging Strike 0-2: Foul Ball, location: 2F 0-2: Ball 1-2: Ball 2-2: Strikes out swinging
|
| Bottom of the 6th over - 0 runs, 1 hit, 0 errors, 3 left on base; Toronto 2 - Oakland 1 |
| TOP OF THE 7TH |
|
Toronto Blue Jays batting - Pitching for Oakland Athletics : RHP Mike Pedigo
|
|
Batting: RHB Brock Van Gilder
|
0-0: Swinging Strike 0-1: Ball 1-1: Swinging Strike 1-2: Ball 2-2: Ball 3-2: Ground out 6-3 (Groundball, 6, EV 104.4 MPH)
|
|
Pitching: RHP George Rubio
|
|
|
Batting: SHB Zory Larikov
|
0-0: Called Strike 0-1: Ball 1-1: Ball 2-1: Fly out, F7 (Flyball, 7D, EV 105.6 MPH)
|
|
Batting: RHB Kirk Arp
|
0-0: Fly out, F4 (Popup, 3D, EV 64.4 MPH)
|
| Top of the 7th over - 0 runs, 0 hits, 0 errors, 0 left on base; Toronto 2 - Oakland 1 |
| BOTTOM OF THE 7TH |
|
Oakland Athletics batting - Pitching for Toronto Blue Jays : LHP Spencer Jones
|
|
Pitching: RHP Chase Schlong
|
|
|
Now at SS: Brock Van Gilder
|
|
|
Now in CF: Dylan Novakowski
|
|
|
Batting: RHB Nick Gentzel
|
0-0: Ball 1-0: DOUBLE (Groundball, 5L, EV 105.6 MPH)
|
|
Batting: RHB Garry Hash
|
0-0: Called Strike 0-1: Ball 1-1: Ball 2-1: Ball 3-1: Swinging Strike 3-2: Strikes out looking
|
|
Pinch Hitting: LHB Sakae Kasahara
|
0-0: Foul Ball, location: 2F 0-1: Swinging Strike 0-2: SINGLE (Line Drive, 8RS, EV 91.2 MPH) Nick Gentzel to third
|
|
Batting: RHB C.J. Beavers
|
0-0: Swinging Strike 0-1: Grounds into double play, 4-6-3 (Groundball, 4, EV 100.6 MPH)
|
| Bottom of the 7th over - 0 runs, 2 hits, 0 errors, 1 left on base; Toronto 2 - Oakland 1 |
| TOP OF THE 8TH |
|
Toronto Blue Jays batting - Pitching for Oakland Athletics : RHP George Rubio
|
|
Now at 1B: Sakae Kasahara
|
|
|
Batting: RHB Donny Burnside
|
0-0: Ball 1-0: Ball 2-0: Fly out, F9 (Flyball, 89D, EV 98.8 MPH)
|
|
Batting: LHB Michael Byrd
|
0-0: Foul Ball, location: 2F 0-1: Ball 1-1: Fly out, F7 (Flyball, 78M, EV 78.1 MPH)
|
|
Batting: SHB Matt Altieri
|
0-0: Called Strike 0-1: Foul Ball, location: 2F 0-2: Ball 1-2: Ball 2-2: Foul Ball, location: 2F 2-2: Ball 3-2: Base on Balls
|
|
Batting: LHB Willis Robles
|
0-0: Swinging Strike 0-1: Ball 1-1: Foul Ball, location: 2F 1-2: Strikes out looking
|
| Top of the 8th over - 0 runs, 0 hits, 0 errors, 1 left on base; Toronto 2 - Oakland 1 |
| BOTTOM OF THE 8TH |
|
Oakland Athletics batting - Pitching for Toronto Blue Jays : RHP Chase Schlong
|
|
Pitching: LHP Tim Franco
|
|
|
Now at 2B: Dylan Novakowski
|
|
|
Now in CF: Donny Burnside
|
|
|
Now in RF: Danny Burnside
|
|
|
Batting: SHB Jerry Luckwell
|
0-0: Swinging Strike 0-1: Foul Ball, location: 2F 0-2: Ball 1-2: Foul Ball, location: 2F 1-2: Ground out 4-3 (Groundball, 4, EV 86.2 MPH)
|
|
Batting: RHB Muneo Kawachi
|
0-0: Ball 1-0: Ball 2-0: Foul Ball, location: 2F 2-1: Foul Ball, location: 2F 2-2: Ball 3-2: Foul Ball, location: 2F 3-2: Foul Ball, location: 2F 3-2: Foul Ball, location: 2F 3-2: Foul Ball, location: 2F 3-2: Foul Ball, location: 2F 3-2: Foul Ball, location: 2F 3-2: Foul Ball, location: 2F 3-2: SINGLE (Line Drive, 8RS, EV 98.8 MPH)
|
|
Batting: RHB Randy Shrewsbury
|
0-0: Called Strike 0-1: Ball 1-1: Grounds into double play, 6-4-3 (Groundball, 6, EV 77.5 MPH)
|
| Bottom of the 8th over - 0 runs, 1 hit, 0 errors, 0 left on base; Toronto 2 - Oakland 1 |
| TOP OF THE 9TH |
|
Toronto Blue Jays batting - Pitching for Oakland Athletics : RHP George Rubio
|
|
Batting: RHB Danny Burnside
|
0-0: Ball 1-0: Foul Ball, location: 2F 1-1: Ball 2-1: Ball 3-1: Base on Balls
|
|
Batting: SHB Dylan Novakowski
|
0-0: Called Strike 0-1: Ball 1-1: Sac Bunt to 25 - play at first, batter OUT! 5-3 Danny Burnside to second
|
|
Batting: RHB Brock Van Gilder
|
0-0: Called Strike 0-1: Ball 1-1: Swinging Strike 1-2: Ball 2-2: Foul Ball, location: 2F 2-2: Strikes out swinging
|
|
Batting: SHB Zory Larikov
|
0-0: Called Strike 0-1: Foul Ball, location: 2F 0-2: Strikes out swinging
|
| Top of the 9th over - 0 runs, 0 hits, 0 errors, 1 left on base; Toronto 2 - Oakland 1 |
| BOTTOM OF THE 9TH |
|
Oakland Athletics batting - Pitching for Toronto Blue Jays : LHP Tim Franco
|
|
Pitching: RHP Zach Ault
|
|
|
Batting: SHB Quincy Bradford
|
0-0: Ground out 4-3 (Groundball, 4MD, EV 88.8 MPH)
|
|
Batting: LHB R.J. O'Brien
|
0-0: Called Strike 0-1: Foul Ball, location: 2F 0-2: Ball 1-2: Ball 2-2: Strikes out swinging
|
|
Pinch Hitting: LHB Tom Butterbaugh
|
0-0: Foul Ball, location: 2F 0-1: Foul Ball, location: 2F 0-2: Foul Ball, location: 2F 0-2: Ball 1-2: Ball 2-2: Foul Ball, location: 2F 2-2: Fly out, F8 (Flyball, 78D, EV 103.1 MPH)
|
| Bottom of the 9th over - 0 runs, 0 hits, 0 errors, 0 left on base; Toronto 2 - Oakland 1 |
|